Flyers vs Predators
(R1)
Created - May 21, 2018 at 22:20
Goals
|
| Flyers |
1 |
2 |
2 |
5 |
| Predators |
2 |
0 |
0 |
2 |
|
Shots
|
| Flyers |
11 |
7 |
20 |
38 |
| Predators |
14 |
8 |
6 |
28 |
|
1st period
1. Predators , Mikael Granlund 2 (Alexander Edler 11, John Moore 4) at 1:40
2. Flyers , Jaromir Jagr 5 (Jeff Carter 14) at 11:05
3. Predators , Alexander Ovechkin 9 (Marc Savard 10) at 18:33
Penalties :
Alexander Ovechkin (Nas) for High sticking (Minor) at 15:25
2nd period
4. Flyers , Jaromir Jagr 6 (Jeff Carter 15) at 3:46
5. Flyers , J.T. Miller 6 (Jeff Carter 16, Jeff Woywitka 5) at 4:06 (PP)
Penalties :
Alexander Edler (Nas) for Hooking (Minor) at 3:49, Victor Bartley (Phi) for Holding (Minor) at 5:18
3rd period
6. Flyers , Jeff Woywitka 2 (Drew Miller 5, Matthew Lombardi 3) at 8:20 (SH)
7. Flyers , Jakub Voracek 4 (Kyle Wellwood 5, Tom Poti 6) at 17:24 (PP)
Penalties :
Matt Smaby (Phi) for Hooking (Minor) at 5:37, Niclas Bergfors (Nas) for Cross-checking (Minor) at 5:55, Brian McGrattan (Phi) for Hooking (Minor) at 8:08, Dmitri Kalinin (Nas) for Roughing (Minor) at 9:37, Adam Burish (Nas) for Tripping (Minor) at 16:10
Goalie Stats
Steve Mason (Phi), 26 saves from 28 shots - (0.929), W, 8-1-0, 60:00 minutes
Viktor Fasth (Nas), 33 saves from 38 shots - (0.868), L, 6-2-1, 60:00 minutes
Players Stats for Flyers
Player Name G A P +/- PIM S H SB GA TA FO MP PP MP PK MP
------------------------------------------------------------------------------------
Brian McGrattan 0 0 0 0 2 1 1 0 0 1 0/1 11:50 0:29 0:00
Chris Mcallister 0 0 0 -2 0 3 0 1 0 1 0/0 10:00 0:01 0:54
Dany Heatley 0 0 0 0 0 1 3 0 0 0 0/1 15:26 2:17 0:00
Drew Miller 0 1 1 1 0 5 1 2 2 1 0/0 13:52 0:00 2:30
J.T. Miller 1 0 1 2 0 2 0 1 1 0 1/3 20:42 2:59 0:22
Jakub Voracek 1 0 1 0 0 4 2 0 1 0 1/1 15:22 2:18 0:00
Jaromir Jagr 2 0 2 2 0 6 2 0 0 0 0/0 18:28 2:30 0:00
Jeff Carter 0 3 3 2 0 2 1 0 0 0 11/32 20:32 2:56 0:00
Jeff Woywitka 1 1 2 1 0 2 2 2 0 1 0/0 26:23 3:32 1:04
Kyle Wellwood 0 1 1 0 0 5 0 0 0 0 3/9 16:33 2:17 0:54
Marcus Kruger 0 0 0 0 0 0 0 0 1 0 4/5 11:58 0:03 0:30
Mats Zuccarello 0 0 0 -2 0 2 1 0 0 0 0/0 8:26 0:00 0:00
Matt Smaby 0 0 0 1 2 0 1 1 0 2 0/0 23:07 3:50 1:04
Matthew Lombardi 0 1 1 -1 0 2 0 0 0 0 2/9 10:48 0:00 2:22
Oliver Ekman-Larsson 0 0 0 2 0 0 1 2 1 1 0/0 23:03 1:44 2:42
Randy Jones 0 0 0 -2 0 1 1 0 0 0 0/0 14:21 0:01 0:00
Tom Poti 0 1 1 2 0 1 4 0 1 1 0/0 19:26 1:28 2:42
Victor Bartley 0 0 0 -2 2 1 0 3 0 0 0/0 13:43 0:00 0:00
Players Stats for Predators
Player Name G A P +/- PIM S H SB GA TA FO MP PP MP PK MP
------------------------------------------------------------------------------------
Adam Burish 0 0 0 1 2 2 0 0 0 0 0/0 13:46 0:00 2:26
Alexander Edler 0 1 1 -1 2 2 1 1 1 0 0/0 27:56 2:31 2:59
Alexander Ovechkin 1 0 1 -1 2 6 2 0 0 0 4/7 21:47 2:16 2:12
Alexander Steen 0 0 0 0 0 2 5 0 1 0 0/0 15:59 1:30 1:03
Andy Miele 0 0 0 -1 0 0 2 0 0 0 1/1 8:41 0:00 0:00
Barret Jackman 0 0 0 0 0 0 2 0 0 1 0/0 12:21 0:00 0:00
Brett Clark 0 0 0 0 0 1 2 1 0 0 0/0 17:27 0:00 2:01
Byron Bitz 0 0 0 0 0 1 0 0 0 0 0/0 15:14 1:30 0:44
Chris Lawrence 0 0 0 -1 0 0 0 0 0 0 1/2 11:06 0:00 2:20
Dmitri Kalinin 0 0 0 0 2 1 0 1 0 0 0/0 14:46 1:14 0:17
James Van Riemsdyk 0 0 0 1 0 0 2 0 1 2 1/1 12:07 0:00 0:03
John Moore 0 1 1 0 0 1 1 0 1 2 0/0 19:25 1:15 2:01
Justin Abdelkader 0 0 0 -1 0 3 4 1 0 0 0/0 9:14 0:00 0:00
Marc Savard 0 1 1 0 0 1 1 0 1 0 16/24 15:49 0:00 0:10
Mikael Granlund 1 0 1 1 0 2 1 0 1 0 4/8 14:11 1:30 0:51
Niclas Bergfors 0 0 0 -1 2 2 4 0 0 0 1/1 18:25 2:15 0:01
Ryan Kesler 0 0 0 -1 0 3 0 1 1 1 11/17 15:59 2:16 0:44
Ryan Mcdonagh 0 0 0 -1 0 1 2 3 1 1 0/0 28:14 2:31 3:16
3 Stars
1 - Jaromir Jagr (Phi)
2 - Jeff Carter (Phi)
3 - Jeff Woywitka (Phi)
Power Play
Flyers - 2 on 5 Attempt(s) - 40.00%
Predators - 0 on 3 Attempt(s) - 0.00%
Penalty Kill
Flyers - 3 on 3 Attempt(s) - 100.00%
- Score 1 goal in Penalty Kill
Predators - 3 on 5 Attempt(s) - 60.00%
- Score 0 goal in Penalty Kill
Team Stat
Flyers - Hits : 20 - Faceoff Wins : 22 - Blocked Shots : 12 - Penalty Minutes : 6
Predators - Hits : 29 - Faceoff Wins : 39 - Blocked Shots : 8 - Penalty Minutes : 10
Official
Referees : L'Ecuyer Frederick and Kimmerly Greg
Linesman : Dan Schachte and Jay Sharrers
Game Notes
No Game Note
Finance
Level 1 -- Attendance: 6000 (100.00%) -- Ticket Income $528,000
Level 2 -- Attendance: 5000 (100.00%) -- Ticket Income $270,000
Level 3 -- Attendance: 2000 (100.00%) -- Ticket Income $68,000
Level 4 -- Attendance: 4000 (100.00%) -- Ticket Income $104,000
Luxury Box -- Attendance: 1000 (100.00%) -- Ticket Income $170,000
Game was played at the Wildcat center.
Total Attendance: 18000 (100.00%)
Total Ticket Income: $1,140,000
Other Income: $171,000
Total Income: $1,311,000
Flyers
5 vs 5 Forward
Center Left Wing Right Wing Time % Phy DF OF
1 Jeff Carter J.T. Miller Jaromir Jagr 40 0 1 4
2 Kyle Wellwood Dany Heatley Jakub Voracek 30 0 1 4
3 Marcus Kruger Drew Miller Brian McGrattan 20 0 3 2
4 Matthew Lombardi Chris Mcallister Mats Zuccarello 10 0 3 2
5 vs 5 Defense
Defense Defense Time % Phy DF OF
1 Matt Smaby Jeff Woywitka 40 0 2 3
2 Tom Poti Oliver Ekman-Larsson 30 0 2 3
3 Randy Jones Victor Bartley 20 0 3 2
4 Oliver Ekman-Larsson Jeff Woywitka 10 0 2 3
PowerPlay Forward
Center Left Wing Right Wing Time % Phy DF OF
1 Jeff Carter J.T. Miller Jaromir Jagr 60 0 0 5
2 Kyle Wellwood Dany Heatley Jakub Voracek 40 0 0 5
PowerPlay Defense
Defense Defense Time % Phy DF OF
1 Jeff Woywitka Matt Smaby 60 0 2 3
2 Tom Poti Oliver Ekman-Larsson 40 0 2 3
Penalty Kill 4 Players Forward
Center Wing Time % Phy DF OF
1 Matthew Lombardi Drew Miller 60 0 5 0
2 Kyle Wellwood Chris Mcallister 40 0 4 1
Penalty Kill 4 Players Defense
Defense Defense Time % Phy DF OF
1 Oliver Ekman-Larsson Tom Poti 60 0 5 0
2 Jeff Woywitka Matt Smaby 40 0 5 0
Penalty Kill - 3 Players Forward
Forward Time % Phy DF OF
1 Matthew Lombardi 60 0 5 0
2 Kyle Wellwood 40 0 4 1
Penalty Kill - 3 Players Defense
Defense Defense Time % Phy DF OF
1 Oliver Ekman-Larsson Tom Poti 60 0 5 0
2 Jeff Woywitka Matt Smaby 40 0 5 0
4 vs 4 Forward
Center Wing Time % Phy DF OF
1 Jeff Carter J.T. Miller 60 0 1 4
2 Kyle Wellwood Dany Heatley 40 0 1 4
4 vs 4 Defense
Defense Defense Time % Phy DF OF
1 Tom Poti Oliver Ekman-Larsson 60 0 3 2
2 Matt Smaby Jeff Woywitka 40 0 3 2
Last Minutes Offensive
Center Left Wing Right Wing Defense Defense
Jeff Carter Dany Heatley Jaromir Jagr Oliver Ekman-Larsson Jeff Woywitka
Last Minutes Defensive
Center Left Wing Right Wing Defense Defense
Matthew Lombardi Drew Miller Brian McGrattan Oliver Ekman-Larsson Jeff Woywitka
Goaltenders
Starting : Steve Mason
Backup : Cory Schneider
Extra Forwards
Normal : Jeff Carter, Dany Heatley, Jakub Voracek - PP : Jeff Carter, Dany Heatley - PK : Matthew Lombardi
Extra Defensemen
Normal : Oliver Ekman-Larsson, Matt Smaby, Jeff Woywitka - PP : Jeff Woywitka - PK : Oliver Ekman-Larsson, Jeff Woywitka
Penalty Shots
Jeff Carter, Kyle Wellwood, Dany Heatley, Jaromir Jagr, Drew Miller
Scratches
Jonathan Ericsson (Broken Bone (Left Ankle) Injury)
Predators
5 vs 5 Forward
Center Left Wing Right Wing Time % Phy DF OF
1 Marc Savard Alexander Ovechkin Niclas Bergfors 40 1 2 2
2 Ryan Kesler Alexander Steen Byron Bitz 30 1 2 2
3 Mikael Granlund James Van Riemsdyk Adam Burish 20 1 2 2
4 Andy Miele Justin Abdelkader Chris Lawrence 10 1 2 2
5 vs 5 Defense
Defense Defense Time % Phy DF OF
1 Ryan Mcdonagh Alexander Edler 40 1 2 2
2 John Moore Brett Clark 30 1 2 2
3 Dmitri Kalinin Barret Jackman 20 1 2 2
4 Ryan Mcdonagh Alexander Edler 10 1 2 2
PowerPlay Forward
Center Left Wing Right Wing Time % Phy DF OF
1 Ryan Kesler Alexander Ovechkin Niclas Bergfors 60 1 0 4
2 Mikael Granlund Alexander Steen Byron Bitz 40 1 0 4
PowerPlay Defense
Defense Defense Time % Phy DF OF
1 Ryan Mcdonagh Alexander Edler 60 1 1 3
2 Dmitri Kalinin John Moore 40 1 1 3
Penalty Kill 4 Players Forward
Center Wing Time % Phy DF OF
1 Alexander Ovechkin Adam Burish 60 1 2 2
2 Ryan Kesler Byron Bitz 40 1 2 2
Penalty Kill 4 Players Defense
Defense Defense Time % Phy DF OF
1 Ryan Mcdonagh Alexander Edler 60 1 2 2
2 John Moore Brett Clark 40 1 2 2
Penalty Kill - 3 Players Forward
Forward Time % Phy DF OF
1 Byron Bitz 60 1 2 2
2 Adam Burish 40 1 2 2
Penalty Kill - 3 Players Defense
Defense Defense Time % Phy DF OF
1 Ryan Mcdonagh Alexander Edler 60 1 2 2
2 John Moore Brett Clark 40 1 2 2
4 vs 4 Forward
Center Wing Time % Phy DF OF
1 Alexander Ovechkin Niclas Bergfors 60 1 2 2
2 Ryan Kesler Byron Bitz 40 1 2 2
4 vs 4 Defense
Defense Defense Time % Phy DF OF
1 Ryan Mcdonagh Alexander Edler 60 1 2 2
2 John Moore Dmitri Kalinin 40 1 2 2
Last Minutes Offensive
Center Left Wing Right Wing Defense Defense
Ryan Kesler Alexander Ovechkin Byron Bitz Ryan Mcdonagh Alexander Edler
Last Minutes Defensive
Center Left Wing Right Wing Defense Defense
Ryan Kesler Alexander Ovechkin Byron Bitz Ryan Mcdonagh Alexander Edler
Goaltenders
Starting : Viktor Fasth
Backup : Chad Johnson
Extra Forwards
Normal : James Van Riemsdyk, Justin Abdelkader, Mikael Granlund - PP : James Van Riemsdyk, Justin Abdelkader - PK : Chris Lawrence
Extra Defensemen
Normal : Dmitri Kalinin, Barret Jackman, John Moore - PP : Barret Jackman - PK : Dmitri Kalinin, John Moore
Penalty Shots
Alexander Ovechkin, Niclas Bergfors, Ryan Kesler, Byron Bitz, Alexander Steen
Scratches
Kris Vernarsky (Healthy)
% Time on Ice - Flyers
Lines # - Real PCT - Wanted PCT - Time Play
Normal Forward
1 - 33% - 40% - 15:58
2 - 27% - 30% - 13:00
3 - 23% - 20% - 11:22
4 - 17% - 10% - 8:26
Normal Defense
1 - 38% - 40% - 18:18
2 - 29% - 30% - 13:55
3 - 28% - 20% - 13:40
4 - 6% - 10% - 2:53
PP Forward
1 - 57% - 60% - 3:00
2 - 43% - 40% - 2:17
PP Defense
1 - 84% - 60% - 4:25
2 - 16% - 40% - 0:52
PK Forward
1 - 76% - 60% - 2:52
2 - 24% - 40% - 0:54
PK Defense
1 - 72% - 60% - 2:42
2 - 28% - 40% - 1:04
PK3 Forward
1 - 0% - 60%
2 - 0% - 40%
PK3 Defense
1 - 0% - 60%
2 - 0% - 40%
44 Forward
1 - 83% - 60% - 1:49
2 - 17% - 40% - 0:22
44 Defense
1 - 59% - 60% - 1:17
2 - 41% - 40% - 0:54
Last Minute Offensive - 0:00
Last Minute Defensive - 0:00
Total
Forward - 60:00
Defense - 60:00
|
% Time on Ice - Predators
Lines # - Real PCT - Wanted PCT - Time Play
Normal Forward
1 - 32% - 40% - 15:44
2 - 27% - 30% - 13:00
3 - 23% - 20% - 11:21
4 - 18% - 10% - 8:41
Normal Defense
1 - 39% - 40% - 18:57
2 - 32% - 30% - 15:26
3 - 25% - 20% - 12:21
4 - 4% - 10% - 2:02
PP Forward
1 - 60% - 60% - 2:16
2 - 40% - 40% - 1:30
PP Defense
1 - 67% - 60% - 2:31
2 - 33% - 40% - 1:15
PK Forward
1 - 86% - 60% - 4:33
2 - 14% - 40% - 0:44
PK Defense
1 - 62% - 60% - 3:16
2 - 38% - 40% - 2:01
PK3 Forward
1 - 0% - 60%
2 - 0% - 40%
PK3 Defense
1 - 0% - 60%
2 - 0% - 40%
44 Forward
1 - 100% - 60% - 2:11
2 - 0% - 40% - 0:00
44 Defense
1 - 67% - 60% - 1:28
2 - 33% - 40% - 0:43
Last Minute Offensive - 0:00
Last Minute Defensive - 0:00
Total
Forward - 60:00
Defense - 60:00
|
Play by Play
1st period
0:01 of 1st period - Marc Savard wins face-off versus Jeff Carter in neutral zone.
0:12 of 1st period - Off-side.
0:13 of 1st period - Kyle Wellwood wins face-off versus Ryan Kesler in neutral zone.
0:24 of 1st period - Wrist shot by Jakub Voracek.
0:24 of 1st period - Stopped by Viktor Fasth without a rebound.
0:25 of 1st period - Marcus Kruger wins face-off versus Mikael Granlund in Predators zone.
0:26 of 1st period - Wrist shot by Drew Miller.
0:26 of 1st period - Shot Misses the Net.
1:20 of 1st period - Slapshot by Adam Burish.
1:20 of 1st period - Stopped by Steve Mason with a rebound.
1:26 of 1st period - Wrist shot by Adam Burish.
1:26 of 1st period - Shot Blocked by Chris Mcallister.
1:28 of 1st period - Backhand shot by John Moore.
1:28 of 1st period - Shot Misses the Net.
1:30 of 1st period - Slapshot by Brett Clark.
1:30 of 1st period - Stopped by Steve Mason with a rebound.
1:40 of 1st period - Slapshot by Mikael Granlund.
1:40 of 1st period - Goal by Mikael Granlund - Flyers : 0 - Predators : 1.
1:41 of 1st period - Marc Savard wins face-off versus Jeff Carter in neutral zone.
2:08 of 1st period - Jeff Carter is hit by Ryan Mcdonagh and loses puck.
2:31 of 1st period - Ryan Kesler is hit by Matt Smaby and loses puck.
4:29 of 1st period - Snap shot by Chris Mcallister.
4:29 of 1st period - Shot Misses the Net.
4:31 of 1st period - Wrist shot by Mats Zuccarello.
4:31 of 1st period - Shot Misses the Net.
4:33 of 1st period - Slapshot by Jeff Woywitka.
4:33 of 1st period - Stopped by Viktor Fasth with a rebound.
4:37 of 1st period - Slapshot by Mats Zuccarello.
4:37 of 1st period - Stopped by Viktor Fasth without a rebound.
4:38 of 1st period - Marc Savard wins face-off versus Jeff Carter in Predators zone.
4:38 of 1st period - Marc Savard is hit by Jeff Carter.
4:52 of 1st period - Snap shot by Jaromir Jagr.
4:52 of 1st period - Shot Misses the Net.
4:54 of 1st period - Slapshot by Tom Poti.
4:54 of 1st period - Shot Misses the Net.
5:04 of 1st period - Tom Poti is hit by Alexander Steen and loses puck.
5:45 of 1st period - Off-side.
5:46 of 1st period - Mikael Granlund wins face-off versus Matthew Lombardi in neutral zone.
6:54 of 1st period - Tom Poti is hit by Mikael Granlund and loses puck.
7:01 of 1st period - Slapshot by Oliver Ekman-Larsson.
7:01 of 1st period - Shot Misses the Net.
7:03 of 1st period - Slapshot by Mats Zuccarello.
7:03 of 1st period - Shot Misses the Net.
7:05 of 1st period - Backhand shot by Matthew Lombardi.
7:05 of 1st period - Stopped by Viktor Fasth without a rebound.
7:06 of 1st period - Jeff Carter wins face-off versus Marc Savard in Predators zone.
7:07 of 1st period - Wrist shot by Jaromir Jagr.
7:07 of 1st period - Stopped by Viktor Fasth without a rebound.
7:08 of 1st period - Marc Savard wins face-off versus Jeff Carter in Predators zone.
7:57 of 1st period - Snap shot by Justin Abdelkader.
7:57 of 1st period - Shot Misses the Net.
7:59 of 1st period - Slapshot by Chris Lawrence.
7:59 of 1st period - Shot Misses the Net.
8:03 of 1st period - Wrist shot by Justin Abdelkader.
8:03 of 1st period - Stopped by Steve Mason with a rebound.
8:05 of 1st period - Slapshot by Brett Clark.
8:05 of 1st period - Deflect By Justin Abdelkader.
8:05 of 1st period - Shot Misses the Net.
8:05 of 1st period - Puck is out of play.
8:06 of 1st period - Jeff Carter wins face-off versus Marc Savard in Flyers zone.
8:21 of 1st period - Wrist shot by Jaromir Jagr.
8:21 of 1st period - Stopped by Viktor Fasth with a rebound.
8:38 of 1st period - Wrist shot by Jaromir Jagr.
8:38 of 1st period - Shot Blocked by Ryan Mcdonagh.
8:44 of 1st period - Wrist shot by Alexander Ovechkin.
8:44 of 1st period - Shot Misses the Net.
8:46 of 1st period - Snap shot by Ryan Mcdonagh.
8:46 of 1st period - Stopped by Steve Mason with a rebound.
8:48 of 1st period - Wrist shot by Niclas Bergfors.
8:48 of 1st period - Stopped by Steve Mason without a rebound.
8:49 of 1st period - Ryan Kesler wins face-off versus Kyle Wellwood in Flyers zone.
9:14 of 1st period - Jeff Woywitka is hit by Justin Abdelkader and loses puck.
9:44 of 1st period - Mats Zuccarello is hit by James Van Riemsdyk and loses puck.
10:23 of 1st period - Wrist shot by Jeff Carter.
10:23 of 1st period - Stopped by Viktor Fasth with a rebound.
10:45 of 1st period - Snap shot by Justin Abdelkader.
10:45 of 1st period - Stopped by Steve Mason without a rebound.
10:46 of 1st period - Ryan Kesler wins face-off versus Kyle Wellwood in Flyers zone.
11:01 of 1st period - Wrist shot by Jakub Voracek.
11:01 of 1st period - Shot Blocked by Brett Clark.
11:03 of 1st period - Backhand shot by Randy Jones.
11:03 of 1st period - Stopped by Viktor Fasth without a rebound.
11:04 of 1st period - Jeff Carter wins face-off versus Marc Savard in Predators zone.
11:05 of 1st period - Slapshot by Jaromir Jagr.
11:05 of 1st period - Goal by Jaromir Jagr - Flyers : 1 - Predators : 1.
11:06 of 1st period - Marc Savard wins face-off versus Jeff Carter in neutral zone.
12:03 of 1st period - Snap shot by Drew Miller.
12:03 of 1st period - Stopped by Viktor Fasth without a rebound.
12:04 of 1st period - Marc Savard wins face-off versus Jeff Carter in Predators zone.
12:09 of 1st period - Snap shot by Alexander Ovechkin.
12:09 of 1st period - Stopped by Steve Mason without a rebound.
12:10 of 1st period - J.T. Miller wins face-off versus Marc Savard in Flyers zone.
12:45 of 1st period - Wrist shot by Alexander Steen.
12:45 of 1st period - Stopped by Steve Mason with a rebound.
12:56 of 1st period - Icing by Victor Bartley.
12:57 of 1st period - Marcus Kruger wins face-off versus Mikael Granlund in Flyers zone.
13:26 of 1st period - Slapshot by Alexander Ovechkin.
13:26 of 1st period - Shot Misses the Net.
13:28 of 1st period - Slapshot by Alexander Ovechkin.
13:28 of 1st period - Stopped by Steve Mason with a rebound.
13:30 of 1st period - Slapshot by Brett Clark.
13:30 of 1st period - Shot Blocked by Jeff Woywitka.
13:32 of 1st period - Snap shot by Marc Savard.
13:32 of 1st period - Stopped by Steve Mason with a rebound.
13:34 of 1st period - Wrist shot by Alexander Ovechkin.
13:34 of 1st period - Stopped by Steve Mason without a rebound.
13:35 of 1st period - Ryan Kesler wins face-off versus Kyle Wellwood in Flyers zone.
14:10 of 1st period - Wrist shot by Niclas Bergfors.
14:10 of 1st period - Shot Misses the Net.
14:54 of 1st period - Oliver Ekman-Larsson is hit by James Van Riemsdyk and loses puck.
15:25 of 1st period - Minor Penalty to Alexander Ovechkin for High sticking.
15:26 of 1st period - Jeff Carter wins face-off versus Chris Lawrence in Predators zone.
15:43 of 1st period - Snap shot by Jeff Carter.
15:43 of 1st period - Shot Misses the Net.
17:25 of 1st period - Penalty to Alexander Ovechkin is over, Alexander Ovechkin is back on ice.
17:33 of 1st period - Slapshot by Alexander Edler.
17:33 of 1st period - Stopped by Steve Mason with a rebound.
17:35 of 1st period - Slapshot by Barret Jackman.
17:35 of 1st period - Shot Blocked by Drew Miller.
18:15 of 1st period - Randy Jones is hit by Alexander Steen.
18:31 of 1st period - Wrist shot by Niclas Bergfors.
18:31 of 1st period - Deflect By Alexander Ovechkin.
18:31 of 1st period - Shot Misses the Net.
18:31 of 1st period - Puck is out of play.
18:32 of 1st period - Marc Savard wins face-off versus Matthew Lombardi in Flyers zone.
18:33 of 1st period - Snap shot by Alexander Ovechkin.
18:33 of 1st period - Goal by Alexander Ovechkin - Flyers : 1 - Predators : 2.
18:34 of 1st period - Marc Savard wins face-off versus Jeff Carter in neutral zone.
19:32 of 1st period - Wrist shot by Drew Miller.
19:32 of 1st period - Stopped by Viktor Fasth without a rebound.
19:33 of 1st period - Marc Savard wins face-off versus Jeff Carter in Predators zone.
Goals for this period are 1 for Flyers vs 2 for Predators.
Shots for this period are 11 for Flyers vs 14 for Predators.
2nd period
0:01 of 2nd period - Ryan Kesler wins face-off versus Jeff Carter in neutral zone.
0:10 of 2nd period - Slapshot by J.T. Miller.
0:10 of 2nd period - Shot Misses the Net.
0:12 of 2nd period - Wrist shot by Jaromir Jagr.
0:12 of 2nd period - Shot Blocked by Ryan Mcdonagh.
0:14 of 2nd period - Snap shot by Jeff Carter.
0:14 of 2nd period - Deflect By Jaromir Jagr.
0:14 of 2nd period - Shot Misses the Net.
0:14 of 2nd period - Puck is out of play.
0:15 of 2nd period - Marc Savard wins face-off versus Dany Heatley in Predators zone.
0:24 of 2nd period - Snap shot by Alexander Ovechkin.
0:24 of 2nd period - Shot Blocked by Matt Smaby.
1:05 of 2nd period - Tom Poti is hit by Justin Abdelkader and loses puck.
1:35 of 2nd period - Jeff Carter is hit by Brett Clark and loses puck.
1:40 of 2nd period - Wrist shot by Justin Abdelkader.
1:40 of 2nd period - Stopped by Steve Mason with a rebound.
1:42 of 2nd period - Slapshot by John Moore.
1:42 of 2nd period - Stopped by Steve Mason with a rebound.
1:44 of 2nd period - Backhand shot by John Moore.
1:44 of 2nd period - Shot Blocked by Oliver Ekman-Larsson.
1:46 of 2nd period - Snap shot by Justin Abdelkader.
1:46 of 2nd period - Shot Misses the Net.
1:48 of 2nd period - Wrist shot by Justin Abdelkader.
1:48 of 2nd period - Deflect By J.T. Miller.
1:48 of 2nd period - Shot Misses the Net.
1:48 of 2nd period - Puck is out of play.
1:49 of 2nd period - Marc Savard wins face-off versus Kyle Wellwood in Flyers zone.
1:50 of 2nd period - Snap shot by Alexander Ovechkin.
1:50 of 2nd period - Stopped by Steve Mason with a rebound.
2:04 of 2nd period - Matt Smaby is hit by Barret Jackman and loses puck.
2:19 of 2nd period - Snap shot by Ryan Kesler.
2:19 of 2nd period - Shot Blocked by Victor Bartley.
2:21 of 2nd period - Snap shot by Byron Bitz.
2:21 of 2nd period - Shot Misses the Net.
2:23 of 2nd period - Snap shot by Barret Jackman.
2:23 of 2nd period - Shot Blocked by Victor Bartley.
2:25 of 2nd period - Slapshot by Dmitri Kalinin.
2:25 of 2nd period - Stopped by Steve Mason without a rebound.
2:26 of 2nd period - Ryan Kesler wins face-off versus Marcus Kruger in Flyers zone.
2:31 of 2nd period - Slapshot by Ryan Mcdonagh.
2:31 of 2nd period - Shot Blocked by Jeff Woywitka.
2:58 of 2nd period - Wrist shot by Niclas Bergfors.
2:58 of 2nd period - Shot Misses the Net.
3:39 of 2nd period - Andy Miele is hit by Tom Poti and loses puck.
3:46 of 2nd period - Snap shot by Jaromir Jagr.
3:46 of 2nd period - Goal by Jaromir Jagr - Flyers : 2 - Predators : 2.
3:47 of 2nd period - Marc Savard wins face-off versus Jeff Carter in neutral zone.
3:49 of 2nd period - Minor Penalty to Alexander Edler for Hooking.
3:50 of 2nd period - Alexander Ovechkin wins face-off versus Jeff Carter in Predators zone.
4:06 of 2nd period - Snap shot by J.T. Miller.
4:06 of 2nd period - Goal by J.T. Miller - Flyers : 3 - Predators : 2.
4:07 of 2nd period - Marc Savard wins face-off versus Jeff Carter in neutral zone.
4:38 of 2nd period - Snap shot by Kyle Wellwood.
4:38 of 2nd period - Shot Misses the Net.
4:57 of 2nd period - Wrist shot by Drew Miller.
4:57 of 2nd period - Stopped by Viktor Fasth without a rebound.
4:58 of 2nd period - Marcus Kruger wins face-off versus Mikael Granlund in Predators zone.
4:59 of 2nd period - Snap shot by Brian McGrattan.
4:59 of 2nd period - Stopped by Viktor Fasth without a rebound.
5:00 of 2nd period - Marcus Kruger wins face-off versus Marc Savard in Predators zone.
5:09 of 2nd period - Wrist shot by Alexander Ovechkin.
5:09 of 2nd period - Shot Misses the Net.
5:11 of 2nd period - Slapshot by Alexander Edler.
5:11 of 2nd period - Shot Blocked by Victor Bartley.
5:18 of 2nd period - Minor Penalty to Victor Bartley for Holding.
5:19 of 2nd period - Ryan Kesler wins face-off versus Matthew Lombardi in Flyers zone.
5:51 of 2nd period - Oliver Ekman-Larsson is hit by Alexander Steen and loses puck.
7:11 of 2nd period - Chris Mcallister is hit by Niclas Bergfors and loses puck.
7:18 of 2nd period - Penalty to Victor Bartley is over, Victor Bartley is back on ice.
7:27 of 2nd period - Jeff Carter is hit by Andy Miele.
8:37 of 2nd period - Ryan Kesler is hit by Jaromir Jagr.
8:41 of 2nd period - Jaromir Jagr is hit by Alexander Steen and loses puck.
9:29 of 2nd period - Andy Miele is hit by Randy Jones and loses puck.
9:48 of 2nd period - John Moore is hit by Drew Miller and loses puck.
10:01 of 2nd period - Dmitri Kalinin is hit by Oliver Ekman-Larsson and loses puck.
10:34 of 2nd period - Matt Smaby is hit by Niclas Bergfors and loses puck.
10:58 of 2nd period - Randy Jones is hit by Brett Clark and loses puck.
11:29 of 2nd period - Matthew Lombardi is hit by Niclas Bergfors and loses puck.
11:36 of 2nd period - Alexander Edler is hit by Jeff Woywitka and loses puck.
12:00 of 2nd period - Jakub Voracek is hit by Alexander Ovechkin.
12:20 of 2nd period - Snap shot by Alexander Ovechkin.
12:20 of 2nd period - Stopped by Steve Mason without a rebound.
12:21 of 2nd period - Ryan Kesler wins face-off versus Jeff Carter in Flyers zone.
12:26 of 2nd period - Snap shot by Ryan Kesler.
12:26 of 2nd period - Stopped by Steve Mason with a rebound.
12:47 of 2nd period - Mikael Granlund is hit by Dany Heatley and loses puck.
13:16 of 2nd period - Brian McGrattan is hit by Justin Abdelkader and loses puck.
13:27 of 2nd period - Slapshot by Victor Bartley.
13:27 of 2nd period - Shot Blocked by Ryan Kesler.
13:33 of 2nd period - J.T. Miller is hit by Barret Jackman and loses puck.
13:44 of 2nd period - Chris Mcallister is hit by John Moore and loses puck.
15:14 of 2nd period - Snap shot by Jaromir Jagr.
15:14 of 2nd period - Stopped by Viktor Fasth without a rebound.
15:15 of 2nd period - Niclas Bergfors wins face-off versus Kyle Wellwood in Predators zone.
15:22 of 2nd period - Alexander Ovechkin is hit by Jakub Voracek.
15:47 of 2nd period - James Van Riemsdyk is hit by Tom Poti and loses puck.
16:36 of 2nd period - Alexander Steen is hit by Dany Heatley and loses puck.
17:11 of 2nd period - Backhand shot by Brett Clark.
17:11 of 2nd period - Shot Blocked by J.T. Miller.
17:13 of 2nd period - Slapshot by Brett Clark.
17:13 of 2nd period - Shot Blocked by Oliver Ekman-Larsson.
17:33 of 2nd period - Tom Poti is hit by Andy Miele and loses puck.
17:50 of 2nd period - Slapshot by Dany Heatley.
17:50 of 2nd period - Shot Blocked by Ryan Mcdonagh.
18:07 of 2nd period - Brian McGrattan is hit by Ryan Mcdonagh.
18:17 of 2nd period - Snap shot by Ryan Kesler.
18:17 of 2nd period - Stopped by Steve Mason with a rebound.
18:29 of 2nd period - Slapshot by Adam Burish.
18:29 of 2nd period - Stopped by Steve Mason without a rebound.
18:30 of 2nd period - Mikael Granlund wins face-off versus J.T. Miller in Flyers zone.
19:05 of 2nd period - Slapshot by Kyle Wellwood.
19:05 of 2nd period - Stopped by Viktor Fasth without a rebound.
19:06 of 2nd period - Jakub Voracek wins face-off versus Ryan Kesler in Predators zone.
19:07 of 2nd period - Wrist shot by Kyle Wellwood.
19:07 of 2nd period - Stopped by Viktor Fasth with a rebound.
Goals for this period are 2 for Flyers vs 0 for Predators.
Shots for this period are 7 for Flyers vs 8 for Predators.
3rd period
0:01 of 3rd period - Marc Savard wins face-off versus Jeff Carter in neutral zone.
0:53 of 3rd period - Wrist shot by Mikael Granlund.
0:53 of 3rd period - Stopped by Steve Mason with a rebound.
0:55 of 3rd period - Wrist shot by Adam Burish.
0:55 of 3rd period - Shot Misses the Net.
1:49 of 3rd period - Wrist shot by Jakub Voracek.
1:49 of 3rd period - Stopped by Viktor Fasth without a rebound.
1:50 of 3rd period - Ryan Kesler wins face-off versus Jeff Carter in Predators zone.
1:55 of 3rd period - Snap shot by J.T. Miller.
1:55 of 3rd period - Stopped by Viktor Fasth without a rebound.
1:56 of 3rd period - Jeff Carter wins face-off versus Marc Savard in Predators zone.
2:56 of 3rd period - Ryan Mcdonagh is hit by Brian McGrattan and loses puck.
4:05 of 3rd period - Icing by James Van Riemsdyk.
4:06 of 3rd period - Mikael Granlund wins face-off versus Jeff Carter in Predators zone.
4:06 of 3rd period - Mikael Granlund is hit by Jaromir Jagr.
4:19 of 3rd period - Adam Burish is hit by Jeff Woywitka and loses puck.
4:58 of 3rd period - Slapshot by Alexander Steen.
4:58 of 3rd period - Shot Blocked by Drew Miller.
5:32 of 3rd period - Wrist shot by Ryan Kesler.
5:32 of 3rd period - Stopped by Steve Mason without a rebound.
5:33 of 3rd period - Marc Savard wins face-off versus Jeff Carter in Flyers zone.
5:34 of 3rd period - Snap shot by Niclas Bergfors.
5:34 of 3rd period - Stopped by Steve Mason without a rebound.
5:35 of 3rd period - Jeff Carter wins face-off versus Marc Savard in Flyers zone.
5:37 of 3rd period - Minor Penalty to Matt Smaby for Hooking.
5:38 of 3rd period - Matthew Lombardi wins face-off versus Ryan Kesler in Flyers zone.
5:46 of 3rd period - Snap shot by Drew Miller.
5:46 of 3rd period - Shot Misses the Net.
5:55 of 3rd period - Minor Penalty to Niclas Bergfors for Cross-checking.
5:56 of 3rd period - James Van Riemsdyk wins face-off versus Jeff Carter in Predators zone.
6:00 of 3rd period - Tom Poti is hit by Alexander Ovechkin.
6:08 of 3rd period - Slapshot by Oliver Ekman-Larsson.
6:08 of 3rd period - Shot Blocked by Alexander Edler.
6:10 of 3rd period - Snap shot by Jeff Carter.
6:10 of 3rd period - Shot Misses the Net.
6:12 of 3rd period - Wrist shot by J.T. Miller.
6:12 of 3rd period - Shot Misses the Net.
6:24 of 3rd period - Tom Poti is hit by Justin Abdelkader and loses puck.
6:54 of 3rd period - Dmitri Kalinin is hit by Dany Heatley and loses puck.
7:05 of 3rd period - Jeff Woywitka is hit by Alexander Steen.
7:29 of 3rd period - Alexander Edler is hit by Jakub Voracek and loses puck.
7:37 of 3rd period - Penalty to Matt Smaby is over, Matt Smaby is back on ice.
7:55 of 3rd period - Penalty to Niclas Bergfors is over, Niclas Bergfors is back on ice.
8:08 of 3rd period - Minor Penalty to Brian McGrattan for Hooking.
8:09 of 3rd period - Ryan Kesler wins face-off versus Matthew Lombardi in Flyers zone.
8:10 of 3rd period - Wrist shot by Niclas Bergfors.
8:10 of 3rd period - Shot Misses the Net.
8:18 of 3rd period - Wrist shot by Drew Miller.
8:18 of 3rd period - Stopped by Viktor Fasth with a rebound.
8:20 of 3rd period - Wrist shot by Jeff Woywitka.
8:20 of 3rd period - Deflect By Niclas Bergfors.
8:20 of 3rd period - Goal by Jeff Woywitka - Flyers : 4 - Predators : 2.
8:21 of 3rd period - Ryan Kesler wins face-off versus Matthew Lombardi in neutral zone.
8:52 of 3rd period - Slapshot by Byron Bitz.
8:52 of 3rd period - Stopped by Steve Mason without a rebound.
8:53 of 3rd period - Mikael Granlund wins face-off versus Matthew Lombardi in Flyers zone.
9:04 of 3rd period - Wrist shot by Alexander Steen.
9:04 of 3rd period - Deflect By Jeff Woywitka.
9:04 of 3rd period - Shot Misses the Net.
9:04 of 3rd period - Puck is out of play.
9:05 of 3rd period - Matthew Lombardi wins face-off versus Alexander Ovechkin in Flyers zone.
9:26 of 3rd period - Snap shot by Alexander Steen.
9:26 of 3rd period - Shot Misses the Net.
9:37 of 3rd period - Minor Penalty to Dmitri Kalinin for Roughing.
9:38 of 3rd period - Alexander Ovechkin wins face-off versus Jeff Carter in Predators zone.
10:08 of 3rd period - Penalty to Brian McGrattan is over, Brian McGrattan is back on ice.
10:42 of 3rd period - Wrist shot by Jakub Voracek.
10:42 of 3rd period - Stopped by Viktor Fasth without a rebound.
10:43 of 3rd period - Ryan Kesler wins face-off versus Kyle Wellwood in Predators zone.
10:56 of 3rd period - Slapshot by Kyle Wellwood.
10:56 of 3rd period - Stopped by Viktor Fasth with a rebound.
11:37 of 3rd period - Penalty to Dmitri Kalinin is over, Dmitri Kalinin is back on ice.
11:47 of 3rd period - Snap shot by Mats Zuccarello.
11:47 of 3rd period - Stopped by Viktor Fasth without a rebound.
11:48 of 3rd period - Andy Miele wins face-off versus Matthew Lombardi in Predators zone.
11:48 of 3rd period - Andy Miele is hit by Mats Zuccarello.
11:56 of 3rd period - Wrist shot by Chris Mcallister.
11:56 of 3rd period - Stopped by Viktor Fasth with a rebound.
11:58 of 3rd period - Wrist shot by Chris Mcallister.
11:58 of 3rd period - Stopped by Viktor Fasth with a rebound.
12:00 of 3rd period - Slapshot by Randy Jones.
12:00 of 3rd period - Shot Misses the Net.
12:02 of 3rd period - Snap shot by Chris Mcallister.
12:02 of 3rd period - Stopped by Viktor Fasth with a rebound.
12:04 of 3rd period - Snap shot by Victor Bartley.
12:04 of 3rd period - Stopped by Viktor Fasth with a rebound.
12:06 of 3rd period - Snap shot by Mats Zuccarello.
12:06 of 3rd period - Shot Blocked by Justin Abdelkader.
12:08 of 3rd period - Slapshot by Matthew Lombardi.
12:08 of 3rd period - Stopped by Viktor Fasth without a rebound.
12:09 of 3rd period - Jeff Carter wins face-off versus Marc Savard in Predators zone.
12:18 of 3rd period - Snap shot by Jaromir Jagr.
12:18 of 3rd period - Stopped by Viktor Fasth with a rebound.
12:24 of 3rd period - Tom Poti is hit by Niclas Bergfors and loses puck.
12:35 of 3rd period - Alexander Steen is hit by Tom Poti and loses puck.
14:07 of 3rd period - Snap shot by Dany Heatley.
14:07 of 3rd period - Stopped by Viktor Fasth without a rebound.
14:08 of 3rd period - Kyle Wellwood wins face-off versus Ryan Kesler in Predators zone.
14:11 of 3rd period - Snap shot by Jakub Voracek.
14:11 of 3rd period - Shot Misses the Net.
14:13 of 3rd period - Snap shot by Tom Poti.
14:13 of 3rd period - Deflect By Kyle Wellwood.
14:13 of 3rd period - Shot Misses the Net.
14:13 of 3rd period - Puck is out of play.
14:14 of 3rd period - Alexander Ovechkin wins face-off versus Jeff Carter in Predators zone.
14:23 of 3rd period - Jaromir Jagr is hit by Marc Savard and loses puck.
14:38 of 3rd period - Icing by Jeff Carter.
14:39 of 3rd period - Jeff Carter wins face-off versus Ryan Kesler in Flyers zone.
14:46 of 3rd period - Wrist shot by Jakub Voracek.
14:46 of 3rd period - Shot Blocked by Dmitri Kalinin.
15:12 of 3rd period - Icing by Brian McGrattan.
15:13 of 3rd period - Marc Savard wins face-off versus Brian McGrattan in Flyers zone.
15:46 of 3rd period - Wrist shot by Drew Miller.
15:46 of 3rd period - Stopped by Viktor Fasth without a rebound.
15:47 of 3rd period - Jeff Carter wins face-off versus Mikael Granlund in Predators zone.
16:10 of 3rd period - Minor Penalty to Adam Burish for Tripping.
16:11 of 3rd period - Chris Lawrence wins face-off versus J.T. Miller in Predators zone.
16:21 of 3rd period - Off-side.
16:22 of 3rd period - Alexander Ovechkin wins face-off versus Jeff Carter in neutral zone.
16:25 of 3rd period - Snap shot by Alexander Edler.
16:25 of 3rd period - Stopped by Steve Mason without a rebound.
16:26 of 3rd period - Jeff Carter wins face-off versus Alexander Ovechkin in Flyers zone.
16:39 of 3rd period - Snap shot by Jeff Carter.
16:39 of 3rd period - Stopped by Viktor Fasth with a rebound.
17:07 of 3rd period - Wrist shot by Kyle Wellwood.
17:07 of 3rd period - Stopped by Viktor Fasth without a rebound.
17:08 of 3rd period - Kyle Wellwood wins face-off versus Alexander Ovechkin in Predators zone.
17:18 of 3rd period - Snap shot by Kyle Wellwood.
17:18 of 3rd period - Stopped by Viktor Fasth with a rebound.
17:20 of 3rd period - Slapshot by Tom Poti.
17:20 of 3rd period - Stopped by Viktor Fasth with a rebound.
17:24 of 3rd period - Snap shot by Jakub Voracek.
17:24 of 3rd period - Goal by Jakub Voracek - Flyers : 5 - Predators : 2.
17:25 of 3rd period - Jeff Carter wins face-off versus Ryan Kesler in neutral zone.
17:36 of 3rd period - Wrist shot by Alexander Steen.
17:36 of 3rd period - Stopped by Steve Mason with a rebound.
17:57 of 3rd period - Matt Smaby is hit by Alexander Edler and loses puck.
18:30 of 3rd period - Slapshot by Jeff Woywitka.
18:30 of 3rd period - Shot Misses the Net.
19:20 of 3rd period - Dmitri Kalinin is hit by Tom Poti and loses puck.
Goals for this period are 2 for Flyers vs 0 for Predators.
Shots for this period are 20 for Flyers vs 6 for Predators.
Back to the Top